[Event "Early-Titled-Tuesday-Blitz-March-19-2024"]
[Site "Chess.com"]
[Date "2024.03.19"]
[Round "4"]
[White "AlexeiShirov"]
[Black "only_strong_moves"]
[Result "1/2-1/2"]
[WhiteElo "2844"]
[BlackElo "2619"]
[TimeControl "180+1"]
[EndTime "8:38:52 PDT"]
[Termination "Game drawn by agreement"]

1. e4 e5 2. Nf3 Nc6 3. Bb5 a6 4. Ba4 Nge7 5. d4 exd4 6. Nxd4 Nxd4 7. Qxd4 Ng6 8. Nc3 b5 9. Bb3 Bb7 10. a4 c5 11. Qe3 c4 12. Ba2 b4 13. Nd5 Rc8 14.
O-O Bc5 15. Qg3 O-O 16. Bg5 f6 17. Bd2 Bxd5 18. exd5 Qb6 19. a5 Qd6 20. Bxc4 Qxg3 21. hxg3 Bxf2+ 22. Rxf2 Rxc4 23. Be1 Rfc8 24. Ra4 Rxc2 25.
Rxc2 Rxc2 26. Rxb4 Ne5 27. Rb8+ Kf7 28. Bc3 Ng4 29.
Kf1 Ne3+ 30. Ke1 Nxg2+ 31. Kd1 Ne3+ 32. Ke1 Nxd5 33. Bd2 h5 34. b4 Rc6 35. b5 axb5 36. Rxb5 Ke6 37. Rb8 g5 38. Rh8 h4 39. gxh4 gxh4 40.
Rxh4 Nc7 41. Re4+ 1/2-1/2

[Event "Early-Titled-Tuesday-Blitz-March-19-2024"]
[Site "Chess.com"]
[Date "2024.03.19"]
[Round "4"]
[White "GothamChess"]
[Black "DonkyDonkyDonkey"]
[Result "0-1"]
[WhiteElo "2706"]
[BlackElo "2978"]
[TimeControl "180+1"]
[EndTime "8:38:53 PDT"]
[Termination "DonkyDonkyDonkey won by resignation"]

1. e4 c5 2. a3 d6 3. Nc3 Nf6 4. Bc4 g6 5. d3 Bg7 6. Ba2 O-O 7. h4 h5 8. Nh3 Bg4 9. Qd2 Bxh3 10. gxh3 Nc6 11.
f4 Nd4 12. Qg2 e6 13. Be3 b5 14. Bxd4 cxd4 15. Ne2 Rc8 16. Bb3 d5 17. f5 a5 18.
a4 bxa4 19. Rxa4 Nd7 20. fxe6 Qxh4+ 21. Kd1 fxe6 22. exd5 Nc5 23. dxe6 Nxb3 24. cxb3 Qf6 25. Rg1 Qxe6 26. Qxg6 Rf1+ 0-1

[Event "Early-Titled-Tuesday-Blitz-March-19-2024"]
[Site "Chess.com"]
[Date "2024.03.19"]
[Round "4"]
[White "Kostukov_Alex"]
[Black "azikom"]
[Result "0-1"]
[WhiteElo "2245"]
[BlackElo "2610"]
[TimeControl "180+1"]
[EndTime "8:38:54 PDT"]
[Termination "azikom won on time"]

1. g3 c5 2. Bg2 Nc6 3. c4 g6 4. Nf3 Bg7 5. O-O d6 6. Nc3 Bg4 7. b3 Qd7 8. Bb2 Bh3 9. e3 Bxg2 10. Kxg2 h5 11. h3 Nh6 12. d4 cxd4 13. exd4 Nf5 14. d5 Ne5 15. Nxe5 Bxe5 16. Qe2 a6 17. Ne4 Bxb2 18.
Qxb2 O-O 19. Rfe1 b5 20. Rac1 bxc4 21. Rxc4 Rfc8 22. Rec1 Rxc4 23. Rxc4 Qb5 24. Qd2 a5 25. g4 Ng7 26. Rd4 hxg4 27. hxg4 Qd7 28. f3 Qa7 29. Rc4 Ne8 30. Rc1 Qb7 31. Rh1 Qb4 32. Qh6 Qd4 33. Qh7+ Kf8 34. Ng5 Qb2+ 35. Kg3 Qe5+ 36. Kg2 Qg7 37. Qxg7+ Kxg7 38. Rh7+ Kg8 39. Rxf7 Ra7 40.
Rh7 Nf6 0-1

[Event "Early-Titled-Tuesday-Blitz-March-19-2024"]
[Site "Chess.com"]
[Date "2024.03.19"]
[Round "4"]
[White "RianKapriaga"]
[Black "Josetricks"]
[Result "0-1"]
[WhiteElo "2345"]
[BlackElo "2547"]
[TimeControl "180+1"]
[EndTime "8:38:55 PDT"]
[Termination "Josetricks won on time"]

1. d4 g6 2. Bf4 Bg7 3. Nc3 c6 4. e4 d5 5. Qd2 dxe4 6. Nxe4 Nf6 7. Nxf6+ exf6 8. O-O-O O-O 9. Bh6 Qd5 10. Bxg7 Kxg7 11. Kb1 b5 12. h4 Be6 13. b3 h5 14. Ne2 a5 15. Nf4 Qd6 16. Nxe6+ Qxe6 17. f3 a4 18. g4 Rh8 19. Bh3 axb3 20. cxb3 Qd6 21. gxh5 Rxh5 22. Bg4 Rd5 23. h5 g5 24. h6+ Kh8 25. Rhe1 Na6 26. f4 Nb4 27. fxg5 Rxa2 28. Re8+ Kh7 29. Qe3 Ra1+ 30. Kxa1 Nc2+ 31. Kb2 Nxe3 32. Rxe3 Qf4 33. Be2 Qxe3 34. Bd3+ f5 35. Kc3 Qxd4+ 36. Kc2 Qc5+ 37.
Kb2 Qf2+ 38. Kc3 Kg6 39. b4 Kxg5 0-1

[Event "Early-Titled-Tuesday-Blitz-March-19-2024"]
[Site "Chess.com"]
[Date "2024.03.19"]
[Round "4"]
[White "rikchessmx"]
[Black "ozen_metehan"]
[Result "1-0"]
[WhiteElo "2290"]
[BlackElo "2445"]
[TimeControl "180+1"]
[EndTime "8:38:55 PDT"]
[Termination "rikchessmx won by resignation"]

1. e4 e6 2. d4 d5 3. Nc3 Bb4 4.
e5 c5 5. a3 Bxc3+ 6. bxc3 Nc6 7. Qg4 g6 8. Nf3 Qa5 9. Bd2 Qa4 10. Ra2 b6 11. Qf4 h6 12. dxc5 Qxf4 13. Bxf4 bxc5 14. Bb5 Bd7 15. Be3 c4 16. Kd2 Nge7 17. Rb1 Kd8 18. Rab2 Kc7 19. Bc5 Nc8 20. Ba6 Rb8 21. Rb7+ Rxb7 22.
Rxb7+ Kd8 23. h4 Na5 24. Rb2 Kc7 25. Nd4 Nb6 26. Bd6+ Kd8 27. f4 Nc6 28. Nb5 Bc8 29.
Nxa7 Bxa6 30. Nxc6+ 1-0

[Event "Early-Titled-Tuesday-Blitz-March-19-2024"]
[Site "Chess.com"]
[Date "2024.03.19"]
[Round "4"]
[White "Firouzja2003"]
[Black "alexrustemov"]
[Result "1-0"]
[WhiteElo "3089"]
[BlackElo "2875"]
[TimeControl "180+1"]
[EndTime "8:38:59 PDT"]
[Termination "Firouzja2003 won by resignation"]

1. Nf3 d5 2. g3 c6 3. Bg2 Bf5 4. O-O e6 5. c4 dxc4 6. Nc3 h6 7. a4 Nf6 8. a5 Na6 9. Ne5 Be7 10.
Nxc4 O-O 11. d4 Rc8 12. e4 Bh7 13. Be3 Nb4 14. Qb3 b5 15. axb6 axb6 16. Ra7 Rc7 17.
Rfa1 c5 18. Rxc7 Qxc7 19. d5 exd5 20. exd5 Ne8 21. Bf4 Qd8 22. Ne5 Bd6 23. Nb5 Bc2 24. Qc3 Bf5 25. Nxd6 Nxd6 26. Nc6 Nxc6 27. dxc6 Nb5 28.
Qe5 Nd4 29. c7 Qd7 30. Qd6 Rc8 31. Qxd7 Bxd7 32. Bb7 Ne2+ 33. Kf1 Nxf4 34. Bxc8 Bb5+ 35. Ke1 Nd3+ 36. Kd2 Ne5 37. Bf5 1-0

[Event "Early-Titled-Tuesday-Blitz-March-19-2024"]
[Site "Chess.com"]
[Date "2024.03.19"]
[Round "4"]
[White "Ginger_GM"]
[Black "Byniolus"]
[Result "1-0"]
[WhiteElo "2598"]
[BlackElo "2796"]
[TimeControl "180+1"]
[EndTime "8:38:59 PDT"]
[Termination "Ginger_GM won on time"]

1. d4 d6 2. Nc3 Nf6 3. Bf4 c6 4. e4 Qb6 5. Qd2 Qxb2 6. Rb1 Qa3 7. Nf3 e6 8. e5 Nd5 9. Nxd5 cxd5 10. Bb5+ Nc6 11.
Rb3 Qxa2 12. O-O a6 13. Bxc6+ bxc6 14. exd6 Qa4 15. Qc3 Qc4 16. Qa5 f6 17. Qc7 a5 18.
Re1 Qa6 19. Rb6 Qa7 20. d7+ Bxd7 21. Rb7 Qxb7 22. Qxb7 Rc8 23. Qa6 Bb4 24. Bd2 Bxd2 25. Nxd2 O-O 26. Qxa5 Ra8 27. Qc7 Rfd8 28. h4 h6 29. h5 Rac8 30. Qd6 Be8 31. Qxe6+ Bf7 32. Qg4 c5 33. Nf3 1-0

[Event "Early-Titled-Tuesday-Blitz-March-19-2024"]
[Site "Chess.com"]
[Date "2024.03.19"]
[Round "4"]
[White "Defend1r"]
[Black "KhazhatulyAlikhan"]
[Result "1-0"]
[WhiteElo "2732"]
[BlackElo "2459"]
[TimeControl "180+1"]
[EndTime "8:39:01 PDT"]
[Termination "Defend1r won on time"]

1. e4 c5 2. Nf3 e6 3. c3 Nf6 4.
e5 Nd5 5. d4 cxd4 6. cxd4 d6 7.
Bc4 Nc6 8. Qe2 Be7 9. O-O O-O 10.
Rd1 a6 11. Nbd2 b5 12. Bd3 Bb7 13. Ne4 h6 14. Ng3 Qd7 15. Bxh6 gxh6 16. Qe4 f5 17. exf6 Bxf6 18. Nh5 Qf7 19. Qg4+ Bg7 20. Bg6 Qe7 21.
Re1 Nf6 22. Qh3 Nxh5 23. Qxh5 Rxf3 24. Qxf3 Nxd4 25. Qd3 Qg5 26. Be4 d5 27. Bh7+ Kh8 28. Rac1 Rc8 29. Rxc8+ Bxc8 30. h4 Qd8 31. Bg6 e5 32.
Rc1 e4 33. Qd2 Bf5 34. Bh5 Qf8 35. Rc7 Qb8 36. Rxg7 Kxg7 37. Qxd4+ Kh7 38. Qxd5 Qf8 39. Qe5 1-0

[Event "Early-Titled-Tuesday-Blitz-March-19-2024"]
[Site "Chess.com"]
[Date "2024.03.19"]
[Round "4"]
[White "esteban062000"]
[Black "KetiTsatsalashvili"]
[Result "0-1"]
[WhiteElo "2168"]
[BlackElo "2495"]
[TimeControl "180+1"]
[EndTime "8:39:01 PDT"]
[Termination "KetiTsatsalashvili won on time"]

1. e4 c5 2. Nf3 d6 3. d4 cxd4 4. Nxd4 Nf6 5. Nc3 Nc6 6. Bb5 Bd7 7. Nxc6 bxc6 8. Bd3 e5 9. O-O Be7 10. h3 O-O 11.
Be3 d5 12. exd5 cxd5 13. Bg5 e4 14. Be2 Be6 15. Nb5 h6 16. Bh4 Rb8 17. b3 Qd7 18.
Nd4 Rbc8 19. Bb5 Qb7 20. Qe2 Qb6 21. Nxe6 fxe6 22. a4 Bd6 23. a5 Qc5 24. c4 g5 25.
Bg3 Bxg3 26. b4 Qxb4 27. fxg3 dxc4 28. h4 Qxb5 0-1

[Event "Early-Titled-Tuesday-Blitz-March-19-2024"]
[Site "Chess.com"]
[Date "2024.03.19"]
[Round "4"]
[White "Manukyan_Artak"]
[Black "PepeCuenca"]
[Result "0-1"]
[WhiteElo "2455"]
[BlackElo "2728"]
[TimeControl "180+1"]
[EndTime "8:39:02 PDT"]
[Termination "PepeCuenca won by resignation"]

1. e4 c5 2. Nf3 Nc6 3. c3 Nf6 4. e5 Nd5 5. d4 cxd4 6. cxd4 d6 7. Nc3 dxe5 8. dxe5 Ndb4 9. Qxd8+ Nxd8 10. Kd1 Bg4 11. a3 Nbc6 12. Bf4 Ne6 13. Bg3 O-O-O+ 14. Ke1 Bxf3 15.
gxf3 Ned4 16. Rd1 Nxf3+ 17. Ke2 Rxd1 18. Nxd1 Nfxe5 19. f4 Nd7 20. f5 g6 21. Bh3 gxf5 22. Bxf5 e6 23. Be4 f5 24. Bxc6 bxc6 25. Ne3 Nb6 26.
Rc1 Kb7 27. Kf3 Bh6 28. Re1 Bxe3 29. Rxe3 Re8 30. b3 Nd5 31. Rd3 e5 32. Rd1 e4+ 33. Kg2 Ne3+ 0-1

[Event "Early-Titled-Tuesday-Blitz-March-19-2024"]
[Site "Chess.com"]
[Date "2024.03.19"]
[Round "4"]
[White "Alenzer"]
[Black "visa"]
[Result "1-0"]
[WhiteElo "2163"]
[BlackElo "2321"]
[TimeControl "180+1"]
[EndTime "8:39:02 PDT"]
[Termination "Alenzer won by checkmate"]

1. e4 d6 2. d4 Nf6 3. Nc3 e5 4.
Nf3 exd4 5. Nxd4 Be7 6. Bc4 O-O 7.
O-O Nxe4 8. Nxe4 d5 9. Bd3 dxe4 10. Bxe4 Bf6 11. Be3 c5 12. Nf5 Bxf5 13. Bxf5 Bxb2 14. Rb1 Bd4 15. Bxd4 cxd4 16. Qd3 g6 17. Be4 Nc6 18. Rxb7 Ne5 19. Qb5 Qf6 20. h3 Qf4 21. Bd5 a6 22. Qb3 Rac8 23. Re1 Rc3 24. Qa4 Qg5 25. Qxd4 Rxc2 26.
Qxe5 Qd2 27. Bxf7+ Rxf7 28. Qe8+ Rf8 29. Qe6+ Kh8 30.
Qe5+ Kg8 31. Qg7# 1-0

[Event "Early-Titled-Tuesday-Blitz-March-19-2024"]
[Site "Chess.com"]
[Date "2024.03.19"]
[Round "4"]
[White "Lovetov"]
[Black "AsselLesbekova"]
[Result "1-0"]
[WhiteElo "2550"]
[BlackElo "2294"]
[TimeControl "180+1"]
[EndTime "8:39:05 PDT"]
[Termination "Lovetov won by checkmate"]

1. Nf3 Nf6 2. g3 d5 3. Bg2 c5 4. O-O Nc6 5. d4 cxd4 6. Nxd4 e6 7. c4 Bc5 8. Nb3 Be7 9. cxd5 Nxd5 10. N1d2 O-O 11.
Nc4 Nf6 12. Bf4 Nd5 13. Bd2 b5 14. Ne3 Nxe3 15. Bxe3 Bb7 16. Nc5 Bxc5 17. Bxc5 Qxd1 18. Rfxd1 Rfd8 19. f4 f6 20. Kf2 Kf7 21. Rac1 Na5 22.
Rxd8 Rxd8 23. Bxb7 Nxb7 24. Bxa7 Rd7 25. Bb6 Nd6 26.
Rc7 Ke7 27. Rxd7+ Kxd7 28. b3 Ne4+ 29. Ke3 Nc3 30. Ba5 Nxa2 31. Bd2 Kc6 32. Kd4 h5 33. e4 g6 34. Kd3 Kc5 35. Be3+ Kb4 36. Kc2 Ka3 37. Bc5+ b4 38. Bd4 f5 39. Bb2# 1-0

[Event "Early-Titled-Tuesday-Blitz-March-19-2024"]
[Site "Chess.com"]
[Date "2024.03.19"]
[Round "4"]
[White "LornerAcosta"]
[Black "HamedWafa4"]
[Result "1-0"]
[WhiteElo "2614"]
[BlackElo "2814"]
[TimeControl "180+1"]
[EndTime "8:39:06 PDT"]
[Termination "LornerAcosta won by checkmate"]

1. Nf3 Nf6 2. d4 e6 3. e3 b6 4. Bd3 Bb7 5. Nbd2 c5 6. O-O Nc6 7. b3 d5 8. Bb2 Rc8 9. c4 cxd4 10.
Nxd4 Nxd4 11. Bxd4 Be7 12. cxd5 Qxd5 13. Nf3 O-O 14. Qe2 Rfd8 15. Rfd1 Qh5 16. h3 Bc5 17. Bxf6 gxf6 18. Ba6 Bxa6 19. Qxa6 Kh8 20. Qxa7 Rg8 21. Kf1 Rxg2 22. Kxg2 Rg8+ 23. Kf1 Qxf3 24. Re1 Rg2 25.
Re2 Rh2 26. Qb8+ Kg7 27. Qxh2 Qf5 28. Qg2+ Kh6 29. Rd1 Qe5 30. f4 Qc3 31. Qf3 f5 32. Kg2 Qg7+ 33. Qg3 Qf6 34. e4 fxe4 35. Rxe4 Qb2+ 36.
Kh1 f6 37. Qh4+ Kg6 38. Qg4+ Kh6 39. Rxe6 Qc3 40. Qh4+ Kg6 41. Qg4+ Kf7 42. Rd7+ Kf8 43. Qg7# 1-0

[Event "Early-Titled-Tuesday-Blitz-March-19-2024"]
[Site "Chess.com"]
[Date "2024.03.19"]
[Round "4"]
[White "jraosam"]
[Black "AA95"]
[Result "1-0"]
[WhiteElo "2010"]
[BlackElo "2473"]
[TimeControl "180+1"]
[EndTime "8:39:06 PDT"]
[Termination "jraosam won on time"]

1. Nf3 Nf6 2. c4 g6 3. b3 Bg7 4. Bb2 O-O 5. e3 d6 6. d4 Nc6 7. Be2 Ne4 8. O-O e5 9. Nbd2 Nxd2 10. Qxd2 exd4 11. Nxd4 Nxd4 12. Bxd4 Bd7 13. Bf3 Bc6 14. Bxg7 Kxg7 15. Qd4+ Qf6 16. Qxf6+ Kxf6 17. Bxc6 bxc6 18. Rfd1 c5 19. f3 Rfe8 20. Kf2 a5 21. Rab1 Reb8 22. Rd2 Rb4 23. Ke2 a4 24. Rdb2 Rab8 25. Kd3 c6 26.
Kc3 d5 27. a3 Rxb3+ 28. Rxb3 axb3 29. Rxb3 d4+ 30. Kc2 Ra8 31. Rb6 dxe3 32. Rxc6+ Ke5 33. Rxc5+ Kd4 34. Rd5+ Kxc4 35. Rd3 e2 36. Rc3+ Kd4 37. Rd3+ Ke5 38. Kd2 Kf4 39. Kxe2 Re8+ 40. Kf2 Rb8 41. g3+ Ke5 42. Ke3 Rb2 43. h3 Ra2 44. Rb3 h5 45. g4 h4 46. f4+ Kf6 47. Kd4 1-0

[Event "Early-Titled-Tuesday-Blitz-March-19-2024"]
[Site "Chess.com"]
[Date "2024.03.19"]
[Round "4"]
[White "Incognizance"]
[Black "bazar-wokzal"]
[Result "0-1"]
[WhiteElo "1888"]
[BlackElo "2565"]
[TimeControl "180+1"]
[EndTime "8:39:07 PDT"]
[Termination "bazar-wokzal won on time"]

1. d4 Nf6 2. c4 Nc6 3. Nf3 e6 4. e3 Bb4+ 5. Nbd2 a5 6. Bd3 d6 7. O-O Bxd2 8. Nxd2 e5 9. d5 Ne7 10. b3 O-O 11. Bb2 c6 12. dxc6 bxc6 13. f4 Ng4 14. Qe2 Qb6 15. Rae1 exf4 16. Rxf4 f5 17.
h3 Ne5 18. c5 Qxc5 19. Bd4 Qd5 20. Bxe5 Qxe5 21. Nc4 Qe6 22. Nb6 Rb8 23. Nxc8 Rbxc8 24. e4 fxe4 25. Rxe4 Qf6 26. Rxe7 Rf7 27. Rxf7 Qxf7 28.
Qe6 d5 29. Qxf7+ Kxf7 30. Rc1 h6 31. Bb5 c5 32. a3 Ke6 33. Be2 Kd6 34. Bg4 Rb8 35.
Kf2 Rxb3 36. Ra1 Rb2+ 37. Kg3 c4 38. Bf3 Kc5 39. Kf4 d4 40. Ke5 d3 41. g4 c3 42.
Ke4 Kc4 43. Ke3 c2 44. Kd2 Rb1 0-1

[Event "Early-Titled-Tuesday-Blitz-March-19-2024"]
[Site "Chess.com"]
[Date "2024.03.19"]
[Round "4"]
[White "ketster"]
[Black "superchess02"]
[Result "1/2-1/2"]
[WhiteElo "2546"]
[BlackElo "2822"]
[TimeControl "180+1"]
[EndTime "8:39:08 PDT"]
[Termination "Game drawn by repetition"]

1. d4 Nf6 2. c4 g6 3. Nc3 Bg7 4. e4 d6 5. Nge2 O-O 6. Ng3 c5 7. d5 e6 8. Be2 exd5 9. cxd5 a6 10. a4 Re8 11. O-O h5 12. Bg5 Qb6 13. Qd2 Nh7 14. Bh4 Nd7 15. Kh1 Qb4 16. f4 Ndf6 17. h3 Bd7 18. a5 b6 19. axb6 Qxb6 20. e5 dxe5 21. f5 Qb4 22. Bxf6 Nxf6 23. fxg6 fxg6 24. Rxa6 Rxa6 25.
Bxa6 e4 26. Qg5 Qb6 27. Bc4 Kh7 28. d6 Rf8 29. Ncxe4 Nxe4 30. Nxe4 Rxf1+ 31. Bxf1 Qxb2 32. Qe7 Qc1 33. Ng5+ Kh6 34. Nf7+ Kh7 35. Ng5+ Kh6 36. Nf7+ Kh7 37. Ng5+ 1/2-1/2

[Event "Early-Titled-Tuesday-Blitz-March-19-2024"]
[Site "Chess.com"]
[Date "2024.03.19"]
[Round "4"]
[White "campochess"]
[Black "stepanosinovsky"]
[Result "1-0"]
[WhiteElo "2181"]
[BlackElo "2357"]
[TimeControl "180+1"]
[EndTime "8:39:08 PDT"]
[Termination "campochess won on time"]

1. Nf3 Nf6 2. b3 g6 3. Bb2 Bg7 4. e4 O-O 5. d3 d5 6. exd5 Qxd5 7. Nc3 Qa5 8. Qd2 Nc6 9. Be2 e5 10. O-O Bg4 11. a3 Nd4 12. b4 Qb6 13. Nxe5 Bxe2 14.
Nxe2 Nxe2+ 15. Qxe2 Rfe8 16. Qd2 c5 17. Nc4 Qc7 18. Qg5 Re6 19. Qxc5 Qb8 20. Rfe1 Rc6 21. Qg5 h6 22. Qd2 Rxc4 23. dxc4 Ng4 24. g3 Bxb2 25.
Rab1 Bg7 26. Qd5 Ne5 27. f4 Nc6 28. b5 Nd4 29. Re7 1-0

[Event "Early-Titled-Tuesday-Blitz-March-19-2024"]
[Site "Chess.com"]
[Date "2024.03.19"]
[Round "4"]
[White "IraZyne"]
[Black "RebelJohnny"]
[Result "0-1"]
[WhiteElo "2337"]
[BlackElo "2539"]
[TimeControl "180+1"]
[EndTime "8:39:13 PDT"]
[Termination "RebelJohnny won by checkmate"]

1. e4 d6 2. d4 Nf6 3. Nc3 c6 4. a4 e5 5. dxe5 dxe5 6. Qxd8+ Kxd8 7. Bc4 Be6 8. Bxe6 fxe6 9. Nf3 Nbd7 10. Bg5 Bb4 11. O-O-O Bxc3 12. bxc3 Kc7 13. Rhe1 h6 14. Bh4 Nh5 15. Be7 Nf4 16. Nxe5 Nxe5 17. Bd6+ Kb6 18.
Bxe5 Nxg2 19. Rg1 Nh4 20. Rxg7 Rhg8 21. Rh7 Nf3 22. Bc7+ Ka6 23. Rdd7 Ng5 24. Rxh6 Nxe4 25. Bg3 Rad8 26. Rxd8 Rxd8 27. Rxe6 Nxc3 28. h4 Rd1+ 29.
Kb2 Nxa4+ 30. Ka2 Rd2 31. Rf6 b5 32. Kb3 Nc5+ 33. Kb2 Kb6 34. h5 Ne4 35. Rf7 Nxg3 36. fxg3 Rh2 37. g4 a5 38. Rf6 a4 39. Kc3 Rh3+ 40.
Kb2 a3+ 41. Ka2 b4 42. h6 Rh4 43. g5 Kb5 44. g6 Rh2 45. g7 Rxc2+ 46. Ka1 b3 47. g8=Q Rc1# 0-1

[Event "Early-Titled-Tuesday-Blitz-March-19-2024"]
[Site "Chess.com"]
[Date "2024.03.19"]
[Round "4"]
[White "IsaqueGoncalvesSanto"]
[Black "carloseduar100"]
[Result "0-1"]
[WhiteElo "1863"]
[BlackElo "2256"]
[TimeControl "180+1"]
[EndTime "8:39:13 PDT"]
[Termination "carloseduar100 won on time"]

1. d4 d5 2. c4 e5 3. dxe5 d4 4. Nf3 Nc6 5. Bg5 Bb4+ 6. Nbd2 Qd7 7. e3 h6 8. Bf4 g5 9. Bg3 dxe3 10. fxe3 g4 11. Nd4 Nxd4 12. exd4 Ne7 13. a3 Qxd4 14.
axb4 Nf5 15. Qb3 Be6 16. Qd3 Qxb2 17. Rb1 Qa2 18. Qb3 Qa6 19. b5 Qb6 20. Bf2 Qa5 21.
Bd3 O-O-O 22. Qb2 Rxd3 23. Ra1 Rxd2 24. Rxa5 Rxb2 25. Rxa7 Kd7 26. O-O Rb8 27. Rd1+ Ke7 28. Bc5+ Ke8 0-1

[Event "Early-Titled-Tuesday-Blitz-March-19-2024"]
[Site "Chess.com"]
[Date "2024.03.19"]
[Round "4"]
[White "toninhojit"]
[Black "Rodalquilar"]
[Result "0-1"]
[WhiteElo "2494"]
[BlackElo "2789"]
[TimeControl "180+1"]
[EndTime "8:39:14 PDT"]
[Termination "Rodalquilar won by resignation"]

1. d4 d5 2. c4 e6 3. Nf3 Nf6 4.
Nc3 a6 5. cxd5 exd5 6. Bg5 Be6 7.
e3 Nbd7 8. Bd3 Bd6 9. O-O c6 10. e4 dxe4 11. Nxe4 Be7 12. Qe2 O-O 13. Rad1 h6 14.
Bh4 Re8 15. Ne5 Nxe4 16. Qxe4 Bxh4 17. Qh7+ Kf8 18. Qh8+ Ke7 19. Qxg7 Bf6 20. Qxh6 Nxe5 21. dxe5 Bxe5 22. Rfe1 Qc7 23. Qh4+ Kf8 24. Qb4+ c5 25. Qe4 Bxa2 26. Qh4 Rad8 27. Re3 Bxh2+ 28. Qxh2 Qxh2+ 29. Kxh2 Rxe3 30. fxe3 Bb3 31. Bc2 0-1

[Event "Early-Titled-Tuesday-Blitz-March-19-2024"]
[Site "Chess.com"]
[Date "2024.03.19"]
[Round "4"]
[White "DvaHrasta"]
[Black "Andrey_Klymchuk"]
[Result "1-0"]
[WhiteElo "2470"]
[BlackElo "2707"]
[TimeControl "180+1"]
[EndTime "8:39:15 PDT"]
[Termination "DvaHrasta won by resignation"]

1. c4 g6 2. g3 Bg7 3. Bg2 d6 4.
Nc3 e5 5. Nf3 Nd7 6. O-O f5 7. d3 Ne7 8. Bg5 h6 9. Bxe7 Qxe7 10.
e4 O-O 11. Nh4 Qg5 12. exf5 gxf5 13. f4 exf4 14. Rxf4 Ne5 15. Nd5 c6 16. Ne3 Bd7 17. Qb3 Kh7 18. Raf1 Rae8 19. Nexf5 Bxf5 20. Nxf5 Rxf5 21.
Rxf5 Qe3+ 22. Kh1 Nxd3 23. Qxb7 Re7 24. Qxc6 Bd4 25. Rf7+ Rxf7 26. Qe4+ Kh8 27. Qxe3 Rxf1+ 28. Bxf1 Bxe3 29. Bxd3 Bd4 30. b4 Bc3 31. b5 Kg7 32.
Kg2 Kf6 33. Kf3 Ke5 34. g4 Be1 35.
a4 Kd4 36. Bf1 Kc5 37. Ke4 Kb4 38. Kd5 Kxa4 39. Kxd6 Bd2 40. h4 Kb4 41. c5 Bf4+ 42. Kd5 Bg3 43. g5 hxg5 44. hxg5 Bf4 45. g6 Bh6 46. c6 1-0

[Event "Early-Titled-Tuesday-Blitz-March-19-2024"]
[Site "Chess.com"]
[Date "2024.03.19"]
[Round "4"]
[White "Road2GM3000"]
[Black "LeoWin2012"]
[Result "0-1"]
[WhiteElo "2398"]
[BlackElo "2207"]
[TimeControl "180+1"]
[EndTime "8:39:17 PDT"]
[Termination "LeoWin2012 won by resignation"]

1. d4 Nf6 2. c4 e6 3. Nc3 Bb4 4. Nf3 d5 5. Bg5 dxc4 6. e3 Nbd7 7. Bxc4 h6 8. Bh4 c5 9. O-O cxd4 10. exd4 a6 11.
Ne5 Nxe5 12. dxe5 Qxd1 13. Rfxd1 Nd7 14. Ne4 b5 15. Be2 O-O 16. a3 Ba5 17. Be7 Re8 18. Bd6 Bb7 19. Bf3 Nb6 20. Nf6+ gxf6 21. Bxb7 Ra7 22. Bf3 Nc4 23. Bc5 Rc7 24. b4 Nxe5 25.
Bd6 Nxf3+ 26. gxf3 Rd7 27. Bf4 Rxd1+ 28. Rxd1 Rd8 29.
Rc1 Bb6 30. Rc6 Rd1+ 31. Kg2 Bd4 32. Bxh6 Kh7 33. Be3 Bxe3 34. fxe3 Rd3 35. Rxa6 Rxe3 36. Ra5 Kg6 37. Kg3 e5 38. h4 e4 39. Rxb5 Rxf3+ 40. Kg2 Rxa3 41. Rb8 f5 42. b5 f4 43. b6 Ra2+ 44.
Kg1 Ra1+ 45. Kg2 f3+ 46. Kf2 Ra2+ 47. Kg3 Rg2+ 48. Kh3 Rb2 49. b7 Kg7 50. Kg3 f2 51. Kg2 e3 52. h5 Rb1 53. h6+ Kh7 54. Rf8 f1=Q+ 55. Kg3 Qf2+ 0-1

[Event "Early-Titled-Tuesday-Blitz-March-19-2024"]
[Site "Chess.com"]
[Date "2024.03.19"]
[Round "4"]
[White "RamyresCoelho"]
[Black "BozeKat"]
[Result "1-0"]
[WhiteElo "2296"]
[BlackElo "2043"]
[TimeControl "180+1"]
[EndTime "8:39:19 PDT"]
[Termination "RamyresCoelho won on time"]

1. e4 c5 2. Nf3 a6 3. d4 cxd4 4.
Nxd4 Nf6 5. Nc3 e5 6. Nb3 Bb4 7. f3 d5 8. exd5 Nxd5 9. Bd2 Nxc3 10. bxc3 Be7 11. Bd3 O-O 12. O-O Nc6 13. Qe2 Be6 14.
Kh1 f5 15. Rad1 Qc7 16. Bc4 Bf7 17. Bxf7+ Rxf7 18. Qc4 Rf8 19. Be3 Kh8 20. Bc5 Bxc5 21. Nxc5 Nd8 22. Qd5 Qc6 23. Qxd8 Qxc5 24. Qd3 Rc7 25. c4 Qxc4 26. Qd6 Re8 27. Rfe1 h6 28. Rxe5 Rxe5 29. Qxe5 Qxc2 30. Qd5 b5 31. h3 Rc5 32. Qd8+ Kh7 33. Rd2 Qb1+ 34. Kh2 Rc1 35. Kg3 Qb4 36. Qd3 Qc4 37. Qxf5+ g6 38. Rd7+ Kg8 39. Qxg6+ 1-0

[Event "Early-Titled-Tuesday-Blitz-March-19-2024"]
[Site "Chess.com"]
[Date "2024.03.19"]
[Round "4"]
[White "ploxoi"]
[Black "angelgab3"]
[Result "1/2-1/2"]
[WhiteElo "2436"]
[BlackElo "2675"]
[TimeControl "180+1"]
[EndTime "8:39:20 PDT"]
[Termination "Game drawn by agreement"]

1. d4 Nf6 2. c4 e6 3. g3 d5 4. Nf3 dxc4 5. Bg2 a6 6. O-O Nc6 7. Bg5 Rb8 8. e3 h6 9. Bxf6 Qxf6 10. Qc1 b5 11. b3 Na5 12. Ne5 Bd6 13. f4 O-O 14. bxc4 Nxc4 15. Nxc4 bxc4 16. Qxc4 c5 17. Nc3 cxd4 18. Ne4 Qe7 19. Nxd6 Qxd6 20. Qxd4 Qxd4 21. exd4 Rd8 22. Rfd1 Rb2 23. a3 a5 24. Rac1 Ba6 25.
d5 Bb7 26. Rc5 a4 27. Ra5 Ra2 28. Rxa4 exd5 29. Rb4 Ba8 30. Rbd4 Rc8 31. R1d2 Rc1+ 32. Kf2 Rxa3 33. Bxd5 Bxd5 34. Rxd5 Rh1 35. Kg2 Rc1 36. Rd7 Rac3 1/2-1/2

[Event "Early-Titled-Tuesday-Blitz-March-19-2024"]
[Site "Chess.com"]
[Date "2024.03.19"]
[Round "4"]
[White "Polish_fighter3000"]
[Black "ViIIagra"]
[Result "1/2-1/2"]
[WhiteElo "3155"]
[BlackElo "2923"]
[TimeControl "180+1"]
[EndTime "8:39:21 PDT"]
[Termination "Game drawn by repetition"]

1. e4 c5 2. Nf3 d6 3. Bb5+ Bd7 4. Bxd7+ Qxd7 5. c4 e5 6. Nc3 Be7 7. d3 Nc6 8. O-O f5 9. exf5 Qxf5 10. a3 Nf6 11. Bg5 O-O 12. Rb1 Nh5 13. Be3 Rae8 14. Nd2 Qg6 15.
Nde4 Nf4 16. g3 Nd4 17. Kh1 Nfe6 18. Bxd4 Nxd4 19. Nd5 Nf3 20. h3 Bd8 21. b4 Re6 22. Kg2 Nh4+ 23. Kh2 Nf3+ 24. Kg2 Nh4+ 25. Kh1 Nf3 26.
Kg2 1/2-1/2

[Event "Early-Titled-Tuesday-Blitz-March-19-2024"]
[Site "Chess.com"]
[Date "2024.03.19"]
[Round "4"]
[White "Nitzan_Steinberg"]
[Black "wonderfultime"]
[Result "1/2-1/2"]
[WhiteElo "2879"]
[BlackElo "3077"]
[TimeControl "180+1"]
[EndTime "8:39:21 PDT"]
[Termination "Game drawn by repetition"]

1. e4 e5 2. Nf3 Nc6 3. Bb5 a6 4. Ba4 Bc5 5. c3 Nge7 6. O-O Ng6 7. d4 Ba7 8. Be3 O-O 9. Nbd2 d6 10. Re1 exd4 11. cxd4 Nce7 12. Bb3 c6 13. h3 d5 14. e5 Nf5 15. Nf1 f6 16. exf6 Nxe3 17. Rxe3 Qxf6 18.
Qd2 Bb8 19. Qc3 Bf4 20. Ree1 Bf5 21. Bc2 Bd7 22. Bxg6 hxg6 23. Re2 Rae8 24. Ne5 Bc8 25. Rae1 Re6 26. Ng4 Qf7 27. Ne5 Qc7 28. b4 Qd6 29.
a3 Bg5 30. Nd2 Bd8 31. Ndf3 Ref6 32. Re3 Bc7 33. Qc5 Qd8 34. Qc3 Bd6 35. Qd2 Bc7 36. Qc3 Bd6 37. Qd2 Bc7 38. Qc3 1/2-1/2

[Event "Early-Titled-Tuesday-Blitz-March-19-2024"]
[Site "Chess.com"]
[Date "2024.03.19"]
[Round "4"]
[White "AlexandraSamaganova"]
[Black "guillembaches"]
[Result "0-1"]
[WhiteElo "2312"]
[BlackElo "2552"]
[TimeControl "180+1"]
[EndTime "8:39:21 PDT"]
[Termination "guillembaches won by checkmate"]

1. c4 e6 2. Nc3 d5 3. e3 a6 4. Nf3 Nf6 5. d4 Be7 6. Bd3 dxc4 7. Bxc4 b5 8. Bd3 Bb7 9. O-O Nbd7 10. a3 c5 11. dxc5 Nxc5 12. Be2 Qb6 13. b4 Ncd7 14. Qb3 O-O 15. Rd1 Rac8 16. Bb2 Qa7 17. Rac1 Nb6 18. Nd4 Nc4 19. Bf3 Bxf3 20. Nxf3 Rc7 21. Ne2 Rfc8 22. Bd4 Qb7 23. h3 h6 24. Nf4 Ne4 25. Nd3 Bf8 26.
Nfe5 Rd8 27. Qa2 Rdc8 28. Qb3 Kh7 29. Rc3 Nxc3 30. Bxc3 f6 31. Nf3 e5 32. Nh4 Qe4 33. g3 Nxe3 34. Rc1 Qxd3 35. fxe3 Rxc3 36. Rxc3 Rxc3 37. Qf7 Qxe3+ 38. Kh2 Qxg3+ 39. Kh1 Rc1# 0-1